 Dungeon Crawl Stone Soup version 0.29.1-14-g9c671dbff4 (webtiles) character file.

Game seed: 7489641845367069570

399 leafyfresh the Ducker (level 7, -3/45 HPs)
             Began as a Djinni Ice Elementalist on Feb 18, 2023.
             Slain by a black bear (10 damage)
             ... on level 5 of the Dungeon.
             The game lasted 00:06:16 (3760 turns).

leafyfresh the Ducker (Djinni Ice Elementalist)     Turns: 3760, Time: 00:06:17

Health: -3/45      AC:  3    Str:  7    XL:     7   Next: 10%
Gold:   228        EV: 14    Int: 18    God:
                   SH:  0    Dex: 14

rFire   + + .      SeeInvis .   q - +2 dagger (venom)
rCold   x . .      Faith    .   (no shield)
rNeg    . . .      Spirit   .   a - +0 robe
rPois   ∞          Reflect  .   r - +0 helmet
rElec   .          Harm     .   (no cloak)
rCorr   .          Rampage  .   (no gloves)
Will    .....                   (boots unavailable)
Stlth   ++........              l - amulet of regeneration
HPRegen 0.95/turn               (no ring)
MPRegen 0.00/turn               (no ring)

@: flying
A: sickness immunity, fire resistance 2, cold vulnerability 1, float, innate
caster, HP casting, extra vitality 1
a: no special abilities


You were on level 5 of the Dungeon.
You visited 1 branch of the dungeon, and saw 6 of its levels.

You collected 228 gold pieces.

Inventory:

Hand Weapons
 k - a +3 dagger
 q - a +2 dagger of venom (weapon)
Armour
 a - a +0 robe (worn)
 r - a +0 helmet (worn)
Jewellery
 l - an amulet of regeneration (around neck)
Scrolls
 c - 3 scrolls of blinking {unknown}
 d - a scroll of poison {unknown}
 e - 2 scrolls of teleportation {unknown}
 f - a scroll of magic mapping {unknown}
 h - a scroll of fear {unknown}
 m - a scroll of identify {unknown}
 n - a scroll of noise {unknown}
Potions
 b - a potion of berserk rage {unknown}
 g - a potion of cancellation {unknown}
 j - a potion of flight {unknown}
 o - a potion of brilliance {unknown}
 p - a potion of lignification {unknown}


   Skills:
 + Level 5.6 Dodging
 - Level 1.5 Stealth
 + Level 4.9 Spellcasting


You couldn't memorise any spells.
You knew the following spells:

 Your Spells              Type           Power      Damage    Failure   Level
a - Freeze                Ice            88%        1d10      1%          1
b - Frozen Ramparts       Ice            44%        1d7       5%          3
c - Ozocubu's Armour      Ice            22%        N/A       5%          3
d - Hailstorm             Conj/Ice       22%        3d7       17%         4
e - Shock                 Conj/Air       88%        1d8       1%          1
f - Static Discharge      Conj/Air       22%        3-6/arc   2%          2
g - Tukima's Dance        Hex            22%        N/A       5%          3
Your spell library was empty.

Dungeon Overview and Level Annotations

Branches:
Dungeon (6/15)
 Temple: D:4-7

Altars:
Trog


Innate Abilities, Weirdness & Mutations

You are immune to sickness and miasma.
You are immune to poison.
Your flesh is very heat resistant. (rF++)
You are vulnerable to cold. (rC-)
You float through the air rather than walking.
You learn spells naturally, not from books.
Your magical power is your life essence.
You have superior vitality. (+4 MHP)


Message History

The black bear attacks as you move away!
The black bear closely misses you. The black bear barely misses you.
The black bear claws you but does no damage.
The black bear attacks as you move away!
The black bear bites you. The black bear barely misses you.
The black bear misses you.
There is a stone staircase leading down here.
You can't go up here!
The black bear barely misses you. x2; The black bear claws you.
You fly downwards.
The gnoll barely misses you.
Your magical contamination has completely faded away.
There is a stone staircase leading up here.
The black bear bites you but does no damage.
The black bear claws you.
The black bear claws you but does no damage.
You fly upwards.
There is a stone staircase leading down here.
Casting: Frozen Ramparts (dangerous; 5% risk of failure)
Confirm with . or Enter, or press ? or * to list all spells.
The black bear is struck by an arc of lightning.
The black bear is heavily wounded.
You are struck by an arc of lightning.
The black bear is struck by an arc of lightning!
The black bear is severely wounded.
The lightning grounds out.
The black bear goes berserk!
The centaur shoots an arrow.
The arrow hits you!
* * * LOW HITPOINT WARNING * * *
Unknown command.
Unknown command.
Unknown command.
Casting: Static Discharge (safe; 2% risk of failure)
Confirm with . or Enter, or press ? or * to list all spells.
The black bear is struck by an arc of lightning!
The black bear is almost dead.
You are struck by an arc of lightning.
* * * LOW HITPOINT WARNING * * *
The lightning grounds out.
* * * LOW HITPOINT WARNING * * *
The black bear bites you!
You die...

....# #.[..#
##......####...#
......###...##
##....## ..##
............#
#....# #.# .
.......# #...## .#
..
.........#####...#
..##..#...c##....#
.# #......#......#
#.#...###.....#
#....# #@..##.#
#...# #h.## ..
#...# ..## .. ....
#..# . ... ..##
... #.. ##.


You could see a black bear (berserk) and a centaur.

Vanquished Creatures
  A phantom (D:5)
  A necrophage (D:5)
  3 jellies
  A hound (D:4)
  Jessica (D:2)
  An iguana (D:6)
  4 adders
  2 worms
  3 dart slugs
  5 orcs (D:3)
  3 bats
  2 endoplasms (D:1)
  2 giant cockroaches
  3 hobgoblins
  A quokka (D:3)
  6 ball pythons
  2 frilled lizards (D:1)
  5 goblins
  3 kobolds
  5 rats
54 creatures vanquished.

Notes
Turn   | Place    | Note
-------+----------+-------------------------------------------
     0 | D:1      | leafyfresh the Djinni Ice Elementalist began the quest for
                  | the Orb.
     0 | D:1      | leafyfresh set off with the following spells memorised:
                  | Freeze, Frozen Ramparts, Ozocubu's Armour, Hailstorm.
     0 | D:1      | Reached XP level 1. HP: 15/15 MP: 0/0
   678 | D:1      | Reached XP level 2. HP: 16/21 MP: 0/0
   843 | D:1      | Found a faded altar of an unknown god.
  1409 | D:2      | Reached XP level 3. HP: 22/25 MP: 0/0
  1409 | D:2      | Learned a level 1 spell: Shock
  1485 | D:2      | Reached skill level 3 in Dodging
  1611 | D:2      | Found a bloodstained altar of Trog.
  1670 | D:2      | Noticed Jessica
  1678 | D:2      | Killed Jessica
  1679 | D:2      | Reached XP level 4. HP: 13/31 MP: 0/0
  2494 | D:3      | Reached skill level 4 in Dodging
  2494 | D:3      | Reached XP level 5. HP: 31/35 MP: 0/0
  2494 | D:3      | Learned a level 2 spell: Static Discharge
  3300 | D:4      | Reached XP level 6. HP: 32/40 MP: 0/0
  3432 | D:5      | Entered Level 5 of the Dungeon
  3483 | D:5      | Reached skill level 5 in Dodging
  3584 | D:5      | Noticed a black bear
  3742 | D:5      | Reached XP level 7. HP: 32/45 MP: 0/0
  3742 | D:5      | Learned a level 3 spell: Tukima's Dance
  3760 | D:5      | Slain by a black bear

Illustrated notes

Levels and vault maps discovered:
D:1:      zelgadis_glass_arrival_small, layout_loops_corners,
          dreamdust_ecumenical_altar_statues
D:2:      layout_rooms, basic_altar, uniq_jessica
D:3:      layout_rooms
D:4:      layout_loops_corners
D:5:      layout_layer_cave, chequers_serial_rivers_large_b
D:6:      layout_cave_pools, glass_columns_b

Skill      XL: |  1  2  3  4  5  6 |
---------------+-------------------+-----
Dodging        | 3 4 5 |  5.6
Spellcasting   | 4 |  4.9
Stealth        | |  1.5

Action                   |  1- 3 |  4- 6 |  7- 9 || total
-------------------------+-------+-------+-------++-------
Melee: Unarmed           |    10 |       |       ||    10
       Short sword       |    11 |       |       ||    11
       Dagger            |    12 |    47 |       ||    59
       Punch             |     1 |       |       ||     1
 Cast: Freeze            |    20 |     3 |       ||    23
       Frozen Ramparts   |     1 |    11 |       ||    12
       Shock             |       |     6 |       ||     6
       Ozocubu's Armour  |       |     2 |       ||     2
       Static Discharge  |       |    12 |     3 ||    15
       Hailstorm         |       |     5 |       ||     5
 Stab: Sleeping          |     2 |     2 |       ||     4
Armor: Robe              |     8 |    16 |     4 ||    28
Dodge: Dodged            |    28 |    54 |     8 ||    90
